 Dungeon Crawl Stone Soup version 0.19.1 (webtiles) character file.

233 Dfrag the Firebug (level 5, -2/35 HPs)
             Began as a Demonspawn Fire Elementalist on Nov 29, 2016.
             Killed from afar by Dfrag's ghost (11 damage)
             ... with a flame tongue
             ... on level 3 of the Dungeon.
             The game lasted 00:04:21 (2490 turns).

Dfrag the Firebug (Demonspawn Fire Elementalist)    Turns: 2490, Time: 00:04:21

Health: -2/35      AC:  6    Str:  8    XL:     5   Next: 74%
Magic:  0/10       EV: 12    Int: 17    God:
Gold:   159        SH:  0    Dex: 14    Spells: 1 memorised, 10 levels left

rFire  . . .     SeeInvis .     t - +1 flail (protect)
rCold  . . .     Gourm    .     a - +0 robe
rNeg   . . .     Faith    .     (no shield)
rPois  .         Spirit   +     (no helmet)
rElec  .         Reflect  .     o - +0 cloak
rCorr  .         Harm     .     v - +0 pair of gloves
MR     +....                    (no boots)
Stlth  ++........               (no amulet)
                                (no ring)
                                l - ring of protection from magic

@: no status effects
A: molten scales 1, magic shield
a: no special abilities


You were on level 3 of the Dungeon.
You were very hungry.

You visited 1 branch of the dungeon, and saw 3 of its levels.

You collected 159 gold pieces.

Inventory:

Hand Weapons
 m - a +0 spear
 t - a +1 flail of protection (weapon)
Armour
 a - a +0 robe (worn)
 o - a +0 cloak (worn)
 v - a +0 pair of gloves (worn)
Jewellery
 l - a ring of protection from magic (left hand)
Scrolls
 d - 2 scrolls of identify {unknown}
 f - a scroll of magic mapping {unknown}
 g - a scroll of remove curse {unknown}
 i - a scroll of enchant armour {unknown}
 j - a scroll of fog {unknown}
 n - a scroll of immolation {unknown}
Potions
 h - a potion of invisibility {unknown}
 p - a potion of berserk rage {unknown}
 r - a potion of haste {unknown}
 u - a potion of cancellation {unknown}
 x - a potion of agility {unknown}
 z - a potion of ambrosia {unknown}
Books
 b - a book of Flames

   Spells                             Type                      Level
   a - Flame Tongue                   Conjuration/Fire             1
   b - Throw Flame                    Conjuration/Fire             2
   c - Conjure Flame                  Conjuration/Fire             3
   d - Inner Flame                    Hexes/Fire                   3
   e - Sticky Flame                   Conjuration/Fire             4
   f - Fireball                       Conjuration/Fire             5
Comestibles
 c - 3 bread rations
 k - a beef jerky
 q - a slice of pizza
 s - 2 fruits


   Skills:
 - Level 1.7 Dodging
 - Level 1.7 Stealth
 + Level 3.5 Spellcasting
 + Level 3.4 Conjurations
 + Level 4.0 Fire Magic


You had 10 spell levels left.
You knew the following spells:

 Your Spells              Type           Power        Failure   Level  Hunger
a - Flame Tongue          Conj/Fire      ###..        3%          1    None


Dungeon Overview and Level Annotations

Branches:
Dungeon (3/15)

Altars:
Cheibriados
Hepliaklqana
Uskayaw
Zin
The Shining One

Annotations:
D:3 Dfrag's ghost, amateur DsFE


Innate Abilities, Weirdness & Mutations

You are partially covered in molten scales. (AC +2)
When hurt, damage is shared between your health and your magic reserves.


Message History

Casting: Flame Tongue
Confirm with . or Enter, or press ? or * to list all spells.
Aiming: Flame Tongue
Press: ? - help, Shift-Dir - straight line, f/p - Dfrag's ghost
Aim: Dfrag's ghost (heavily damaged)
The flame tongue hits Dfrag's ghost.
Dfrag's ghost is heavily damaged.
Dfrag's ghost points at you and mumbles some strange words.
The flame tongue hits you!
* * * LOW HITPOINT WARNING * * *
Casting: Flame Tongue
Confirm with . or Enter, or press ? or * to list all spells.
Aiming: Flame Tongue
Press: ? - help, Shift-Dir - straight line, f/p - Dfrag's ghost
Aim: Dfrag's ghost (heavily damaged)
The flame tongue hits Dfrag's ghost.
Dfrag's ghost is severely damaged.
Dfrag's ghost points at you and mumbles some strange words.
The flame tongue hits you!
You die...

.####.#...##..#.#..
#...#. #.
........#..##..#..##..#
# #.
####........##...##...
#. ## #....###..## #..#
#. .# #.#..####..###..#
#. #. .#
#...........#..# #.##.
.# #....####...#.#
#.##. .# #...## #.....#
#.##. .# #...# #..#.@#
#.##. .# #...# #....W#
########.##. .# #...#
##....... .........##.
>###...##...#....%.
............
.>....).......##.###
#####.<###
####..)###..####.#
#....... #.)<# #..# #.#
#...#### #.รท.# #..#
#.# #...#
#.<.###..####.# #...#


You could see Dfrag's ghost.

Vanquished Creatures
  An orc wizard (D:3)
  8 gnolls
  5 adders
  A worm (D:2)
  4 dart slugs
  5 leopard geckos
  5 orcs (D:3)
  A giant cockroach (D:3)
  6 hobgoblins
  7 jackals
  2 quokkas (D:2)
  3 ball pythons
  4 bats
  4 frilled lizards
  5 goblins
  3 kobolds
  4 rats
68 creatures vanquished.

Notes
Turn   | Place    | Note
-------+----------+-------------------------------------------
     0 | D:1      | Dfrag the Demonspawn Fire Elementalist began the quest for the Orb.
     0 | D:1      | Reached XP level 1. HP: 13/13 MP: 3/3
     8 | D:1      | Noticed a basilisk
     8 | D:1      | Noticed a worker ant
     8 | D:1      | Noticed a hill giant
   127 | D:1      | Gained mutation: When hurt, damage is shared between your health and your magic reserves. [demonic ancestry]
   127 | D:1      | Reached XP level 2. HP: 5/19 MP: 3/5
   598 | D:2      | Reached skill level 3 in Fire Magic
   598 | D:2      | Reached XP level 3. HP: 11/24 MP: 0/6
   816 | D:2      | Found a hazy altar of Hepliaklqana.
   996 | D:2      | Found a snail-covered altar of Cheibriados.
  1041 | D:2      | Reached XP level 4. HP: 29/30 MP: 4/8
  1684 | D:3      | Gained mutation: You are partially covered in molten scales. (AC +2) [demonic ancestry]
  1684 | D:3      | Reached XP level 5. HP: 35/35 MP: 2/9
  2011 | D:3      | Found a faded altar of an unknown god.
  2011 | D:3      | Found a hide-covered altar of Uskayaw.
  2016 | D:3      | Found a faded altar of an unknown god.
  2018 | D:3      | Found a faded altar of an unknown god.
  2019 | D:3      | Found a faded altar of an unknown god.
  2360 | D:3      | Found a glowing golden altar of the Shining One.
  2404 | D:3      | Reached skill level 4 in Fire Magic
  2426 | D:3      | Found a glowing silver altar of Zin.
  2426 | D:3      | Noticed an angel
  2479 | D:3      | Noticed Dfrag's ghost (amateur DsFE)
  2490 | D:3      | Killed from afar by Dfrag's ghost

Skill      XL: |  1  2  3  4  5 |
---------------+----------------+-----
Conjurations   | 2 3 |  3.4
Fire Magic     | 3 4 |  4.0
Spellcasting   | 3 |  3.5
Dodging        | |  1.7
Stealth        | |  1.7

Action                   |  1- 3 |  4- 6 || total
-------------------------+-------+-------++-------
Melee: Unarmed           |    12 |       ||    12
       Spear             |    29 |     1 ||    30
       Flail             |       |    39 ||    39
 Cast: Flame Tongue      |    49 |    72 ||   121
  Use: Potion            |     2 |     1 ||     3
 Stab: Sleeping          |       |     2 ||     2
  Eat: Chunk             |     1 |     3 ||     4
Armor: Robe              |    20 |    33 ||    53
Dodge: Dodged            |    58 |    47 ||   105
